 Dungeon Crawl Stone Soup version 0.19.0-20-gbc5f0c6 (webtiles) character file.

101 dobroeutro the Shooter (level 4, -1/36 HPs)
             Began as a Centaur Hunter on Nov 16, 2016.
             Was an Initiate of Okawaru.
             Slain by a bullfrog (4 damage)
             ... on level 2 of the Dungeon.
             The game lasted 00:05:31 (3247 turns).

dobroeutro the Shooter (Centaur Hunter)             Turns: 3247, Time: 00:05:31

Health: -1/36      AC:  5    Str: 14    XL:     4   Next: 48%
Magic:  4/4        EV: 14    Int: 10    God:    Okawaru [......]
Gold:   90         SH:  0    Dex: 16    Spells: 0 memorised, 3 levels left

rFire  . . .     SeeInvis .     a - +1 shortbow
rCold  . . .     Gourm    +     c - +0 leather armour
rNeg   . . .     Faith    .     (shield currently unavailable)
rPois  .         Spirit   .     (no helmet)
rElec  .         Reflect  .     e - +0 cloak {+Inv}
rCorr  .         Harm     .     (no gloves)
MR     .....                    (no barding)
Stlth  ++........               n - amulet of the gourmand
                                (no ring)
                                (no ring)

@: agile, very slightly contaminated, drained, invisible, very quick
A: hooves 3, deformed body, speed 2, tough skin 3
a: Renounce Religion


You were on level 2 of the Dungeon.
You worshipped Okawaru.
Okawaru was noncommittal.
You were full.

You visited 1 branch of the dungeon, and saw 3 of its levels.

You collected 90 gold pieces.

Inventory:

Hand Weapons
 a - a +1 shortbow (weapon)
 w - a +0 short sword of draining
Missiles
 d - 12 arrows (quivered)
Armour
 c - a +0 leather armour (worn)
 e - a +0 cloak of invisibility (worn)
Jewellery
 n - an amulet of the gourmand (around neck)
Scrolls
 b - a scroll of enchant armour {unknown}
 i - 2 scrolls of teleportation {unknown}
 l - 4 scrolls of remove curse {unknown}
 o - a scroll of recharging {unknown}
 p - a scroll of noise {unknown}
 r - a scroll of identify {unknown}
 s - a scroll of fear {unknown}
 u - a scroll of random uselessness {unknown}
Potions
 h - 2 potions of agility
 t - a potion of haste {unknown}
 v - a potion of curing {unknown}
Comestibles
 f - 4 bread rations
 g - a beef jerky
 j - 2 slices of pizza
 m - 2 meat rations
 q - a royal jelly


   Skills:
 - Level 2.0(1.3) Fighting
 + Level 0.1(0.0) Short Blades
 + Level 7.8(7.0) Bows
 - Level 1.3(0.7) Dodging
 - Level 0.4(0.0) Stealth


You had 3 spell levels left.
You didn't know any spells.

Dungeon Overview and Level Annotations

Branches:
Dungeon (3/15)

Altars:
Gozag
Okawaru
Uskayaw


Innate Abilities, Weirdness & Mutations

You have hooves in place of feet.
Armour fits poorly on your strangely shaped body.
You cover ground very quickly.
You have extremely tough skin. (AC +3)


Message History

Aim: a bullfrog You shoot an arrow.
The arrow closely misses the bullfrog.
The bullfrog hits you.
* * * LOW HITPOINT WARNING * * *
It was a potion of agility.
You feel agile all of a sudden. The bullfrog misses you.
The bullfrog completely misses you.
It was a potion of invisibility.
You fade into invisibility!
The bullfrog closely misses you.
You are very lightly contaminated with residual magic.
Okay, then.
Firing (i - inventory):
d - 13 arrows (quivered)
Press: ? - help, Shift-Dir - straight line, f/p - bullfrog
Aim: a bullfrog You shoot an arrow.
The arrow closely misses the bullfrog.
The bullfrog hits you.
* * * LOW HITPOINT WARNING * * *
The bullfrog hits you.
You die...

# ##...## ##............... #
#..#..######.........#.#...#
######.###......#.........#.#...#
........#..####.#................
######.....## #.................#
#.#..#.###.#.#.....##..#.#.#
######.#.###.##.#.##....##..#...#
..........#...#<#.###.#.##..#...#
(.)>.....(.....F@...>.#.##..#.<.#
....##........#.#>###.#.##..#...#
....##.##...###.#.###)#.##..#...#
....##.##...##..................#
#......###..................##..#
##..#### #####.####.(...........#
##.## #.# #.#..........## ##.#
#.####.#.########## ##.##
#........#


You could see a bullfrog.

Vanquished Creatures
  3 adders
  An ooze (D:1)
  A worm (D:2)
  2 dart slugs
  An orc (D:3)
  7 bats
  2 giant cockroaches
  7 goblins
  8 hobgoblins
  3 jackals (D:3)
  2 quokkas (D:3)
  2 ball pythons (D:1)
  4 frilled lizards
  10 kobolds
  8 rats
61 creatures vanquished.

Notes
Turn   | Place    | Note
-------+----------+-------------------------------------------
     0 | D:1      | dobroeutro the Centaur Hunter began the quest for the Orb.
     0 | D:1      | Reached XP level 1. HP: 17/17 MP: 1/1
   111 | D:1      | Reached skill level 6 in Bows
   111 | D:1      | Reached XP level 2. HP: 15/24 MP: 2/2
   732 | D:2      | Noticed a hand axe
   733 | D:2      | Noticed a hand axe
   743 | D:2      | Found a hide-covered altar of Uskayaw.
   801 | D:2      | Reached XP level 3. HP: 8/29 MP: 3/3
  1044 | D:2      | Found an iron altar of Okawaru.
  1044 | D:2      | Found an opulent altar of Gozag.
  1082 | D:2      | Became a worshipper of Warmaster Okawaru
  1434 | D:2      | Reached skill level 7 in Bows
  2312 | D:3      | Reached XP level 4. HP: 16/36 MP: 4/4
  3218 | D:3      | Noticed a bullfrog
  3247 | D:2      | Slain by a bullfrog

Skill      XL: |  1  2  3 |
---------------+----------+-----
Bows           | 6 7 |  7.8
Fighting       | |  2.0
Short Blades   | |  0.1
Dodging        | |  1.3
Stealth        | |  0.4

Action                   |  1- 3 |  4- 6 || total
-------------------------+-------+-------++-------
Melee: Short sword       |   195 |    90 ||   285
       Kick              |    42 |    15 ||    57
 Fire: Shortbow          |     5 |     7 ||    12
  Use: Potion            |       |     2 ||     2
  Eat: Chunk             |     9 |     2 ||    11
Armor: Leather armour    |    88 |    79 ||   167
Dodge: Dodged            |   104 |    75 ||   179
